 Dungeon Crawl Stone Soup version 0.20.1-1-g8b1a95d66d (webtiles) character file.

148 toidi the Sneak (level 5, -5/39 HPs)
             Began as a Vampire Assassin on Nov 16, 2017.
             Was an Initiate of Gozag.
             Slain by an orc priest
             ... wielding a +0 flail
              (9 damage)
             ... on level 4 of the Dungeon on Nov 17, 2017.
             The game lasted 00:43:54 (5649 turns).

toidi the Sneak (Vampire Assassin)                  Turns: 5649, Time: 00:43:54

Health: -5/39      AC:  3    Str: 11    XL:     5   Next: 8%
Magic:  5/5        EV: 13    Int: 14    God:    Gozag
Gold:   341        SH:  3    Dex: 19    Spells: 4/4 levels left

rFire    . . .     SeeInvis +   a - +2 dagger
rCold    + + .     Gourm    .   (no shield)
rNeg     + + +     Faith    .   c - +0 robe
rPois    ∞         Spirit   .   (no helmet)
rElec    .         Reflect  +   d - +0 cloak
rCorr    .         Harm     .   (no gloves)
MR       .....                  (no boots)
Stlth    ++++++....             v - +3 amulet of reflection
Regen    0.0/turn               y - +4 ring of dexterity
MPRegen  0.1/turn               B - ring of poison resistance

@: gold aura, bloodless, non-regenerating
A: fangs 3, see invisible, unbreathing
a: Bat Form, Potion Petition, Call Merchant, Bribe Branch, Renounce Religion


You were on level 4 of the Dungeon.
You worshipped Gozag.
Gozag was aware of your devotion.
You were bloodless.

You visited 1 branch of the dungeon, and saw 4 of its levels.

You collected 341 gold pieces.

Inventory:

Hand Weapons
 a - a +2 dagger (weapon)
 b - a +0 blowgun
 q - a +0 hunting sling
Missiles
 e - 8 poisoned needles
 f - 2 curare-tipped needles
 i - 54 stones (quivered)
 o - 13 sling bullets
Armour
 c - a +0 robe (worn)
 d - a +0 cloak (worn)
 n - a +0 leather armour
Jewellery
 u - an uncursed ring of positive energy
 v - a +3 amulet of reflection (around neck)
 y - a +4 ring of dexterity (left hand)
 B - a ring of poison resistance (right hand)
Wands
 g - a wand of iceblast (10/15)
Scrolls
 h - 2 scrolls of remove curse
 l - a scroll of fog {unknown}
 t - 3 scrolls of identify
Potions
 j - 2 potions of curing
 m - a potion of brilliance {unknown}
 p - a potion of cancellation {unknown}
 r - a potion of invisibility {unknown}
 s - a potion of heal wounds {unknown}
 w - a potion of might {unknown}
 x - a potion of degeneration {unknown}
 z - a potion of mutation {unknown}
Comestibles
 k - 3 bread rations
 A - 2 meat rations


   Skills:
 + Level 2.4 Fighting
 + Level 3.2 Short Blades
 + Level 2.3 Throwing
 + Level 2.3 Dodging
 + Level 7.1 Stealth


You had 4 spell levels left.
You didn't know any spells.

Dungeon Overview and Level Annotations

Branches:
Dungeon (4/15)
 Temple: D:4-7

Altars:
Cheibriados
Gozag


Innate Abilities, Weirdness & Mutations

You do not heal naturally.
You are immune to poison.
You have razor-sharp teeth.
You have supernaturally acute eyesight. (SInv)
You can survive without breathing.


Message History

The jackal pauses to sniff the ground.
The jackal closely misses you. The orc priest closely misses you.
You hit the orc priest.
The orc priest is lightly wounded.
The jackal closely misses you.
You barely miss the orc priest.
The orc priest is lightly wounded.
The jackal misses you. The orc priest closely misses you.
You hit the orc priest but do no damage.
Your bite misses the orc priest.
The orc priest is lightly wounded.
You block the jackal's attack.
The orc priest begins to cast a cantrip, but forgets the words!
The jackal bites you but does no damage.
You barely miss the orc priest.
You bite the orc priest, but do no damage.
The orc priest is lightly wounded.
The jackal closely misses you. The orc priest hits you with a flail!
You die...
Your body crumbles into a pile of gold.

#≈≈≈≈≈≈≈..≈≈≈≈ #.#
#≈............ #.#
#≈.≈≈≈≈....≈≈≈ #.#
#≈.≈≈≈≈....≈≈≈ #.#
#≈.≈≈≈≈....≈≈≈ #.#
#≈.≈≈≈≈....≈≈≈
#.###≈.........(..
######.#.'....$@..$....
#......#.'....ho.$(....
#.##.....#≈............
##.##.#####≈!≈≈≈≈....≈≈≈
......# #≈.≈≈≈≈....≈≈≈
##.#### #≈.≈≈≈≈....≈≈≈
.#.# #≈.≈≈≈≈....≈≈≈ ...#
#≈..........%. .###
#≈≈≈≈≈≈≈..≈≈≈


You could see an orc priest and a jackal.

Vanquished Creatures
  A worker ant (D:4)
  3 adders
  3 worms (D:2)
  4 dart slugs
  A leopard gecko (D:2)
  2 orcs
  10 bats
  3 giant cockroaches
  4 goblins
  11 hobgoblins
  14 jackals
  A quokka (D:2)
  4 frilled lizards
  4 kobolds
  10 rats
75 creatures vanquished.

Notes
Turn   | Place    | Note
-------+----------+-------------------------------------------
     0 | D:1      | toidi the Vampire Assassin began the quest for the Orb.
     0 | D:1      | Reached XP level 1. HP: 16/16 MP: 1/1
   240 | D:1      | Reached skill level 6 in Stealth
   718 | D:1      | Reached XP level 2. HP: 22/22 MP: 2/2
  1618 | D:1      | Reached XP level 3. HP: 22/27 MP: 3/3
  2660 | D:2      | Found a faded altar of an unknown god.
  2682 | D:2      | Became a worshipper of Gozag Ym Sagoz the Greedy
  4128 | D:2      | Reached XP level 4. HP: 33/33 MP: 4/4
  5249 | D:3      | Found a snail-covered altar of Cheibriados.
  5422 | D:3      | Reached skill level 7 in Stealth
  5597 | D:4      | Reached XP level 5. HP: 39/39 MP: 5/5
  5649 | D:4      | Slain by an orc priest

Skill      XL: |  1  2  3  4 |
---------------+-------------+-----
Stealth        | 6 7 |  7.1
Fighting       | 2 |  2.4
Dodging        | 2 |  2.3
Throwing       | 2 |  2.3
Short Blades   | 3 |  3.2

Action                   |  1- 3 |  4- 6 || total
-------------------------+-------+-------++-------
Melee: Dagger            |   123 |    95 ||   218
       Bite              |    11 |     9 ||    20
       Unarmed           |    26 |       ||    26
 Fire: Blowgun           |     3 |       ||     3
Throw: Stone             |    91 |    44 ||   135
Invok: Potion Petition   |     1 |       ||     1
 Abil: End Transformatio |     4 |       ||     4
       Bat Form          |     4 |       ||     4
  Use: Potion            |     6 |       ||     6
       Scroll            |       |     2 ||     2
 Stab: Sleeping          |       |     8 ||     8
  Eat: Corpse            |     1 |       ||     1
Armor: Robe              |    34 |    21 ||    55
Dodge: Dodged            |   110 |    56 ||   166
Block: Other             |       |     7 ||     7
